 Dungeon Crawl Stone Soup version 0.23.2-33-g5129a83184 (webtiles) character file.

Game seed: 9865865503458178335

3192 Madgibble the Slicer (level 9, -4/52 HPs)
             Began as a Vine Stalker Fighter on July 1, 2019.
             Was a Believer of Ru.
             Slain by a freezing wraith (9 damage)
             ... in an ice cave on July 2, 2019.
             The game lasted 01:08:18 (9092 turns).

Madgibble the Slicer (Vine Stalker Fighter)         Turns: 9092, Time: 01:08:19

Health: -4/52      AC: 11    Str: 26    XL:     9   Next: 96%
Magic:  0/25       EV:  9    Int:  6    God:    Ru [**....]
Gold:   443        SH: 17    Dex: 15    Spells: 16/16 levels left

rFire    . . .     SeeInvis .   A - +1 dagger (venom)
rCold    + . .     Gourm    .   c - +0 shield
rNeg     . . .     Faith    .   X - +1 scale mail {rC+}
rPois    +         Spirit   +   n - +1 helmet
rElec    .         Reflect  +   v - +0 cloak
rCorr    .         Harm     .   (no gloves)
MR       +....                  (no boots)
Stlth    ..........             Q - +6 amulet of reflection
HPRegen  0.57/turn              p - ring of magical power
MPRegen  0.19/turn              B - ring of poison resistance

@: mighty, about to teleport, slowed, drained, very slow
A: fangs 3, dopey 1, regeneration 1, magic shield, antimagic bite, no potion
heal 3, rot immunity, inexperienced 1
a: Renounce Religion


You were in an ice cave.
You worshipped Ru.
Ru was pleased with you.
You were not hungry.

You visited 2 branches of the dungeon, and saw 12 of its levels.
You also visited: Ice Cave.

You collected 557 gold pieces.
You spent 114 gold pieces at shops.

Inventory:

Hand Weapons
 a - a +0 rapier
 r - a +0 blowgun
 u - a +4 dagger of distortion
 A - a +1 dagger of venom (weapon)
 U - a +0 dagger of freezing
Missiles
 s - 4 curare-tipped needles
 N - 8 needles of sleeping
Armour
 c - a +0 shield (worn)
 n - a +1 helmet (worn)
 v - a +0 cloak (worn)
 V - a +0 plate armour
 X - a +1 scale mail of cold resistance (worn)
Jewellery
 o - an uncursed amulet of regeneration
 p - a ring of magical power (left hand)
 B - a ring of poison resistance (right hand)
 E - an uncursed ring of fire
 Q - a +6 amulet of reflection (around neck)
 R - an uncursed ring of positive energy
 W - an uncursed amulet of harm
Wands
 y - a wand of random effects (12)
 I - a wand of iceblast (5)
 S - a wand of acid (3)
 Y - a wand of scattershot (3)
 Z - a wand of flame (8)
Scrolls
 e - a scroll of noise
 g - 4 scrolls of fog
 h - 3 scrolls of amnesia
 i - 2 scrolls of enchant armour
 j - 2 scrolls of fear
 l - 2 scrolls of teleportation
 m - 3 scrolls of remove curse
 q - a scroll of magic mapping
 D - 2 scrolls of immolation {unknown}
 F - 2 scrolls of random uselessness {unknown}
 L - 2 scrolls of identify
 O - a scroll of blinking
 T - 2 scrolls of enchant weapon {unknown}
Potions
 d - 3 potions of might
 k - 7 potions of heal wounds
 t - 5 potions of mutation
 w - 3 potions of flight
 x - a potion of lignification
 z - 2 potions of haste
 C - a potion of invisibility {unknown}
 G - 4 potions of curing
 H - a potion of agility {unknown}
 J - a potion of brilliance {unknown}
 K - a potion of resistance {unknown}
 M - 2 potions of cancellation {unknown}
 P - a potion of berserk rage {unknown}
Comestibles
 f - 19 rations


   Skills:
 + Level 8.8(8.0) Fighting
 + Level 11.0(10.2) Short Blades
 + Level 5.2(4.5) Armour
 - Level 3.0(2.3) Dodging
 - Level 0.2(0.0) Stealth
 + Level 5.6(5.0) Shields
 - Level 4.0(3.3) Spellcasting


You had 16 spell levels left.
You didn't know any spells.
Your spell library contained the following spells:

 Spells                   Type           Power        Failure   Level  Hunger
 Haunt                    Necr/Summ      #.........   100%        7    #######
 Borgnjor's Revivificati  Necr           #.........   100%        8    #######
 Death's Door             Chrm/Necr      #.........   100%        8    #######
 Infestation              Necr           #.........   100%        8    #######
 Necromutation            Tmut/Necr      #.........   100%        8    #######


Dungeon Overview and Level Annotations

Branches:
Dungeon (11/15)            Temple (1/1) D:7            Lair (0/6) D:9
    Orc (0/2) D:9

Altars:
Cheibriados
Elyvilon
Kikubaaqudgha
Ru
Trog
Uskayaw
Xom

Shops:
D:5 =   D:9 *   D:10 %


Innate Abilities, Weirdness & Mutations

You have razor-sharp teeth.
You are dopey. (Int -2)
Your natural rate of healing is unusually fast.
When hurt, damage is shared between your health and your magic reserves.
Your bite disrupts and absorbs the magic of your enemies.
Potions cannot restore your health.
You are immune to rotting.
You are somewhat inexperienced. (-2 XL)


Message History

The freezing wraith hits you. The freezing wraith freezes you. You resist.
The freezing wraith hits you. The freezing wraith misses you.
You block the freezing wraith's attack. The freezing wraith hits you.
The freezing wraith freezes you. You resist.
The freezing wraith hits you but does no damage.
As you read the scroll of teleportation, it crumbles to dust.
You feel strangely unstable. The freezing wraith hits you.
The freezing wraith freezes you. You resist.
* * * LOW HITPOINT WARNING * * *
The freezing wraith barely misses you. The freezing wraith hits you.
* * * LOW HITPOINT WARNING * * *
The freezing wraith freezes you! You resist.
* * * LOW HITPOINT WARNING * * *
You block the freezing wraith's attack.
The freezing wraith hits you but does no damage.
The freezing wraith completely misses you.
The freezing wraith hits you.
* * * LOW HITPOINT WARNING * * *
The freezing wraith freezes you! You resist.
You die...

#.W #...##
#. ##...##
#. ##...##
#. ##...# #
##..##
######..#
##...###.##
##.....##WW#
#...#...#@.#
#..####....#
##..# ##...#
##..## ##.##
##...# ###
##....## ##
#......#
.####.....##
..##.......#


You could see 2 freezing wraiths.

Vanquished Creatures
  Erolcha (D:10)
  Harold (D:10)
  A two-headed ogre (D:8)
  Psyche (D:10)
  2 freezing wraiths (IceCv)
  2 ice devils (D:11)
  A troll (D:11)
  Prince Ribbit (D:5)
  A hippogriff (D:7)
  A human (D:7)
  4 hogs (D:7)
  Menkaure (D:4)
  A water moccasin (D:7)
  8 ice beasts
  3 orc warriors
  A sky beast (D:10)
  An alligator simulacrum (IceCv)
  A necrophage (D:8)
  A phantom (D:5)
  3 ogres
  A wolf (D:11)
  3 centaurs
  A crocodile (D:11)
  6 bullfrogs
  2 scorpions
  A water moccasin skeleton (D:8)
  3 wights (D:11)
  6 killer bees (D:10)
  A swamp dragon simulacrum (IceCv)
  2 howler monkeys
  2 crimson imps
  5 hounds
  11 orc priests
  12 orc wizards
  4 jellies
  3 bullfrog skeletons
  2 centaur skeletons
  A polar bear simulacrum (IceCv)
  7 worker ants
  A wolf simulacrum (IceCv)
  A bullfrog simulacrum (D:11)
  2 hound zombies
  3 gnolls
  15 adders
  A howler monkey skeleton (D:7)
  A river rat (D:9)
  A shadow imp (D:7)
  5 white imps (IceCv)
  An ooze (D:3)
  An adder skeleton (D:6)
  2 worms
  8 leopard geckos
  26 orcs
  5 bats
  5 giant cockroaches
  9 goblins
  9 hobgoblins
  10 jackals
  4 quokkas
  4 ball pythons
  A ball python skeleton (D:4)
  4 frilled lizards
  A jackal skeleton (D:5)
  4 kobolds
  6 rats
239 creatures vanquished.

Vanquished Creatures (others)
  A centaur (D:10)
  An orc (D:10)
2 creatures vanquished.

Grand Total: 241 creatures vanquished

Notes
Turn   | Place    | Note
-------+----------+-------------------------------------------
     0 | D:1      | Madgibble the Vine Stalker Fighter began the quest for the
                  | Orb.
     0 | D:1      | Reached XP level 1. HP: 11/11 MP: 2/2
    17 | D:1      | Reached skill level 2 in Short Blades
   141 | D:1      | Reached XP level 2. HP: 14/16 MP: 3/3
   405 | D:1      | Reached XP level 3. HP: 19/19 MP: 4/4
   617 | D:2      | Reached skill level 3 in Short Blades
  1422 | D:2      | Gained mutation: Your natural rate of healing is unusually
                  | fast. [Vine Stalker growth]
  1422 | D:2      | Reached XP level 4. HP: 24/24 MP: 5/5
  1577 | D:2      | Found a faded altar of an unknown god.
  1839 | D:3      | Reached skill level 4 in Short Blades
  1898 | D:3      | Reached XP level 5. HP: 28/28 MP: 6/6
  2419 | D:3      | Reached XP level 6. HP: 27/32 MP: 7/7
  2615 | D:4      | Reached skill level 5 in Short Blades
  2937 | D:4      | Reached XP level 7. HP: 32/37 MP: 6/8
  3138 | D:4      | Noticed Menkaure
  3150 | D:4      | Killed Menkaure
  3150 | D:4      | Reached skill level 6 in Short Blades
  3420 | D:5      | Entered Level 5 of the Dungeon
  3420 | D:5      | Found Ducuachaip's Jewellery Shop.
  3456 | D:5      | Noticed Prince Ribbit
  3528 | D:5      | Reached skill level 5 in Fighting
  3528 | D:5      | Gained mutation: You have razor-sharp teeth. [Vine Stalker
                  | growth]
  3528 | D:5      | Reached XP level 8. HP: 16/43 MP: 9/9
  3537 | D:5      | Killed Prince Ribbit
  3537 | D:5      | Reached skill level 7 in Short Blades
  3865 | D:5      | Found a shimmering altar of Xom.
  3867 | D:5      | Found a shimmering altar of Xom.
  3868 | D:5      | Found a shimmering altar of Xom.
  3873 | D:5      | Found a shimmering altar of Xom.
  3874 | D:5      | Found a shimmering altar of Xom.
  4373 | D:6      | Reached skill level 8 in Short Blades
  4750 | D:7      | Noticed a hippogriff
  4783 | D:7      | Killed a hippogriff
  4993 | D:7      | Found a white marble altar of Elyvilon.
  5028 | D:7      | Found a staircase to the Ecumenical Temple.
  5033 | D:7      | Reached XP level 9. HP: 26/48 MP: 10/10
  5081 | Temple   | Entered the Ecumenical Temple
  5094 | Temple   | Became a worshipper of Ru the Awakened
  5214 | D:7      | Reached skill level 9 in Short Blades
  5394 | D:7      | Reached skill level 10 in Short Blades
  6279 | D:8      | Noticed a two-headed ogre
  6360 | D:8      | Killed a two-headed ogre
  6360 | D:8      | Reached XP level 10. HP: 37/56 MP: 9/11
  6494 | D:8      | Gained mutation: You are dopey. (Int -2) [Ru sacrifice]
  6708 | D:8      | Noticed a two-headed ogre
  6792 | D:9      | Noticed a death yak
  6827 | D:9      | Noticed a death yak
  6827 | D:9      | Noticed a death yak
  6837 | D:9      | Found a staircase to the Orcish Mines.
  6886 | D:9      | Found Ocvopeff's General Store.
  6903 | D:9      | Bought a scroll of identify for 24 gold pieces
  6903 | D:9      | Bought a scroll of blinking for 90 gold pieces
  6948 | D:9      | Found a staircase to the Lair.
  6998 | D:10     | Entered Level 10 of the Dungeon
  7014 | D:10     | Reached skill level 1 in Dodging
  7014 | D:10     | Reached skill level 1 in Spellcasting
  7217 | D:10     | Noticed Psyche
  7227 | D:10     | Killed Psyche
  7251 | D:10     | Found Xes Aveff's Food Emporium.
  7326 | D:10     | Noticed Erolcha
  7540 | D:10     | Killed Erolcha
  8031 | D:10     | Noticed Harold
  8066 | D:10     | Killed Harold
  8066 | D:10     | Reached skill level 5 in Shields
  8066 | D:10     | Reached XP level 11. HP: 60/60 MP: 16/16
  8563 | D:11     | Found a frozen archway.
  8829 | IceCv    | Entered an ice cave
  8834 | IceCv    | Reached skill level 5 in Armour
  8860 | IceCv    | Gained mutation: You are somewhat inexperienced. (-2 XL)
                  | [Ru sacrifice]
  8860 | IceCv    | Reached XP level 10. HP: 57/57 MP: 25/25
  8860 | IceCv    | Reached XP level 9. HP: 52/52 MP: 24/24
  8860 | IceCv    | Reached * piety under Ru
  8860 | IceCv    | Reached ** piety under Ru
  8902 | IceCv    | Reached skill level 11 in Short Blades
  8969 | IceCv    | Noticed a freezing wraith
  8969 | IceCv    | Noticed a freezing wraith
  8996 | IceCv    | Killed a freezing wraith
  9014 | IceCv    | Killed a freezing wraith
  9074 | IceCv    | Noticed a freezing wraith
  9074 | IceCv    | Noticed a freezing wraith
  9092 | IceCv    | Slain by a freezing wraith

Skill      XL: |  1  2  3  4  5  6  7  8  9 10 11 |
---------------+----------------------------------+-----
Short Blades   | 2 3 4 5 6 8 11 | 11.0
Fighting       | 3 4 5 6 7 8 |  8.8
Shields        | 3 5 |  5.6
Armour         | 3 4 5 |  5.2
Dodging        | 2 3 |  3.0
Spellcasting   | 4 3 |  4.0
Stealth        | |  0.2

Action                   |  1- 3 |  4- 6 |  7- 9 | 10-12 || total
-------------------------+-------+-------+-------+-------++-------
Melee: Rapier            |   107 |   188 |    35 |       ||   330
       Bite              |    28 |    52 |   164 |   163 ||   407
       Dagger            |       |       |   386 |   456 ||   842
 Fire: Blowgun           |       |       |     3 |       ||     3
Invok: Sacrifice Experie |       |       |     1 |       ||     1
       Sacrifice Purity  |       |       |       |     1 ||     1
Evoke: Wand              |       |       |     4 |     9 ||    13
  Use: Scroll            |     7 |       |     7 |     9 ||    23
       Potion            |       |       |     2 |     1 ||     3
  Eat: Chunk             |     2 |     5 |    11 |     4 ||    22
       Ration            |       |       |     1 |     1 ||     2
Armor: Scale mail        |    38 |    72 |   106 |    84 ||   300
       Plate armour      |       |       |       |     5 ||     5
Dodge: Dodged            |    21 |    48 |    90 |    42 ||   201
Block: Shield            |    47 |    89 |   189 |   182 ||   507
       Reflection        |       |       |     5 |     6 ||    11
